 Dungeon Crawl Stone Soup version 0.31.0-9-g3a7656b989 (webtiles) character file.

Game seed: 720094162382893593

35 qw the Shooter (level 3, 0/18 HPs)
             Began as a Spriggan Hunter on Feb 2, 2024.
             Succumbed to their own poison gas
             ... on level 1 of the Dungeon.
             The game lasted 00:00:02 (736 turns).

qw the Shooter (Spriggan Hunter)                     Turns: 736, Time: 00:00:03

Health: 0/18       AC:  2    Str:  7    XL:     3   Next: 17%
Magic:  3/4        EV: 19    Int: 10    God:
Gold:   80         SH:  0    Dex: 20    Spells: 2/2 levels left

rFire   . . .        a - +0 shortbow
rCold   . . .        (shield currently unavailable)
rNeg    . . .        c - +0 robe
rPois   .            (helmet restricted)
rElec   .            (no cloak)
rCorr   .            (gloves unavailable)
SInv    +            (boots unavailable)
Will    .....        d - amulet of guardian spirit
Stlth   ++           (no ring)
HPRegen 0.23/turn    (no ring)
MPRegen 0.09/turn

%: guardian spirit
@: lethally poisoned (0 -> -1), very quick
A: very small, no large weapons, unfitting armour, see invisible, speed 3
a: no special abilities


You were on level 1 of the Dungeon.
You visited 1 branch of the dungeon, and saw 2 of its levels.

You collected 80 gold pieces.


Innate Abilities, Weirdness & Mutations

You are very small and have problems with some larger weapons.
You are too small for most types of armour.
You have supernaturally acute eyesight. (SInv)
You cover ground extremely quickly. (Speed+++)


   Skills:
 - Level 1.5 Fighting
 + Level 4.5 Ranged Weapons
 - Level 4.0 Dodging
 - Level 1.5 Stealth


You had 2 spell levels left.
You didn't know any spells.
Your spell library was empty.

Inventory:

Hand Weapons
 a - a +0 shortbow (weapon)
Armour
 c - a +0 robe (worn)
Jewellery
 d - an amulet of guardian spirit (around neck)
Scrolls
 e - a scroll of enchant armour
Potions
 f - a potion of magic {unknown}

Dungeon Overview and Level Annotations

Branches:
Dungeon (2/15)

Altars:


Message History

It was a scroll of poison.
719 ||| DRINKING 3 lumpy green potions.
It was a potion of curing.
You feel better.
Enter note:
Enter note:
Enter note: You are engulfed in poison gas.
You are poisoned.
You feel very sick.
721 ||| Stepping ~*~*~tactically~*~*~ (cloud).
You feel sick.
722 ||| DRINKING 2 potions of curing.
You feel better.
722 ||| (to cure poison)
You are engulfed in poison gas.
You are poisoned.
You feel very sick.
724 ||| Stepping ~*~*~tactically~*~*~ (cloud).
You feel sick.
725 ||| DRINKING potion of curing.
You feel better.
725 ||| (to cure poison)
You are engulfed in poison gas.
You are poisoned.
You feel very sick.
727 ||| Stepping ~*~*~tactically~*~*~ (cloud).
You feel sick.
There is a lethal amount of poison in your body!
You feel very sick.
There is a lethal amount of poison in your body!
You feel sick.
There is a lethal amount of poison in your body!
You feel sick.
There is a lethal amount of poison in your body!
You feel sick.
There is a lethal amount of poison in your body!
You feel sick.
There is a lethal amount of poison in your body!
You feel sick.
There is a lethal amount of poison in your body!
You feel sick.
There is a lethal amount of poison in your body!
You feel sick.
There is a lethal amount of poison in your body!
You die...

### ..### .#..##
.#...### .#...).#######
..###...#....#
.#...#.....#0########
.#...###.0.0..0..00.####
.#...#..#.#...00@...00.#
..###.%.#.#.#######.##0#
.(#.....#.#.# #.##.#
##...###....# #.##.#
....#...#.#.#### #.##.#
..###...#......# #.##.#
.#..#...#.#>##.# #.##.#
.#...###....##.# #.##.#
.#.....#....##.# ##.##.#


There were no monsters in sight!

Vanquished Creatures
  A dart slug (D:1)
  5 bats
  2 endoplasms (D:1)
  A giant cockroach (D:1)
  3 goblins
  3 hobgoblins (D:1)
  4 jackals (D:2)
  A quokka (D:1)
  4 ball pythons
  3 frilled lizards
  A kobold (D:1)
  2 rats (D:1)
30 creatures vanquished.

Notes
Turn   | Place    | Note
-------+----------+-------------------------------------------
     0 | D:1      | qw the Spriggan Hunter began the quest for the Orb.
     0 | D:1      | Reached XP level 1. HP: 10/10 MP: 2/2
     0 | D:1      | 0 ||| qw: Version: 0.3-a-155-g5e7d8dd
     0 | D:1      | 0 ||| qw: Game counter: 2094
     0 | D:1      | 0 ||| qw: Melee chars always use a shield: true
     0 | D:1      | 0 ||| qw: God list: Okawaru
     0 | D:1      | 0 ||| qw: Allow faded altars: false
     0 | D:1      | 0 ||| qw: Do Orc after clearing Dungeon:15 true
     0 | D:1      | 0 ||| qw: Do second Lair branch before Depths: true
     0 | D:1      | 0 ||| qw: Lair rune preference: random
     0 | D:1      | 0 ||| qw: Goals: Normal
     0 | D:1      | 0 ||| PLANNING D:1-11
    48 | D:1      | Reached skill level 3 in Dodging
   118 | D:1      | Reached XP level 2. HP: 14/14 MP: 3/3
   119 | D:1      | You fall into a shaft and drop 1 floor!
   220 | D:2      | 220 ||| UPGRADING to amulet of guardian spirit.
   225 | D:2      | 225 ||| READING scroll labelled FOWEYZU ORRO.
   226 | D:2      | 226 ||| DROPPING scroll of butterflies.
   444 | D:1      | Reached XP level 3. HP: 18/18 MP: 4/4
   716 | D:1      | 716 ||| READING scroll labelled SONOKIETAU.
   717 | D:1      | 717 ||| READING 2 scrolls labelled CIS PASAYNU.
   717 | D:1      | 717 ||| ENCHANTING +0 shortbow.
   718 | D:1      | 718 ||| READING scroll labelled RAATAE PASALOSS.
   719 | D:1      | 719 ||| DRINKING 3 lumpy green potions.
   721 | D:1      | 721 ||| Stepping ~*~*~tactically~*~*~ (cloud).
   722 | D:1      | 722 ||| DRINKING 2 potions of curing.
   722 | D:1      | 722 ||| (to cure poison)
   724 | D:1      | 724 ||| Stepping ~*~*~tactically~*~*~ (cloud).
   725 | D:1      | 725 ||| DRINKING potion of curing.
   725 | D:1      | 725 ||| (to cure poison)
   727 | D:1      | 727 ||| Stepping ~*~*~tactically~*~*~ (cloud).
   731 | D:1      | HP: 4/18 [poisoned by you (poison gas)]
   735 | D:1      | HP: 1/18 [poisoned by you (poison gas)]
   736 | D:1      | Succumbed to their own poison gas

Levels and vault maps discovered:
D:1:      minmay_arrival_four_circles, layout_loops_ring, minivault_4,
          nicolae_titane
D:2:      layout_basic, minmay_misc_feat_diagonals, kennysheep_generic_room_7

Skill      XL: |  1  2 |
---------------+-------+-----
Dodging        | 3 4 |  4.0
Fighting       | |  1.5
Ranged Weapons | |  4.5
Stealth        | |  1.5

Action                     || total
---------------------------++-------
   Fire: Shortbow          ||    72
    Use: Scroll            ||     4
         Potion            ||     3
 Armour: Robe              ||     3
  Dodge: Dodged            ||    16

Table legend:
 A = Non-vault XP
 B = Vault XP
 C = Vault XP percentage of total XP
 D = Non-vault monster count
 E = Vault monster count
 F = Vault count percentage of total count
                 A         B        C        D         E       F
            +---------+---------+-------+---------+---------+-------
      Total |      51 |       0 |   0.0 |      30 |       0 |   0.0
            +---------+---------+-------+---------+---------+-------
        D:1 |      35 |       0 |   0.0 |      20 |       0 |   0.0
        D:2 |      16 |       0 |   0.0 |      10 |       0 |   0.0
            +---------+---------+-------+---------+---------+-------
